[ AOE2 MATCH · #487640370 ]
UnrankedKhitans vs Poles
[ REPLAY ANALYSIS · EXTRACTED FROM THE RECORDED GAME ]
Feudal
—
Castle
—
Imperial
—
| APM avg | 46.8 |
| APM peak | 83 |
| eAPM avg | 16.9 |
| Villagers / military | 23 / 0 |
Focus
⚔️ 46.7% · 🌾 53.3%
Feudal
—
Castle
—
Imperial
—
| APM avg | 97.5 |
| APM peak | 119 |
| eAPM avg | 13.4 |
| Villagers / military | 27 / 0 |
Focus
⚔️ 10.7% · 🌾 89.3%
Feudal
—
Castle
—
Imperial
—
| APM avg | 60.2 |
| APM peak | 75 |
| eAPM avg | 14.9 |
| Villagers / military | 18 / 0 |
Focus
⚔️ 15.7% · 🌾 84.3%
Feudal
—
Castle
—
Imperial
—
| APM avg | 49.7 |
| APM peak | 69 |
| eAPM avg | 12.2 |
| Villagers / military | 26 / 0 |
Focus
⚔️ 13.5% · 🌾 86.5%
Feudal
8:31
Castle
—
Imperial
—
| APM avg | 46.5 |
| APM peak | 76 |
| eAPM avg | 16.2 |
| Villagers / military | 23 / 0 |
Focus
⚔️ 43.5% · 🌾 56.5%
Feudal
—
Castle
—
Imperial
—
| APM avg | 44.5 |
| APM peak | 60 |
| eAPM avg | 11.9 |
| Villagers / military | 24 / 0 |
Focus
⚔️ 15.8% · 🌾 84.2%
Feudal
—
Castle
—
Imperial
—
| APM avg | 61.9 |
| APM peak | 103 |
| eAPM avg | 17.7 |
| Villagers / military | 19 / 0 |
Focus
⚔️ 38.6% · 🌾 61.4%
Feudal
—
Castle
—
Imperial
—
| APM avg | 50.2 |
| APM peak | 79 |
| eAPM avg | 24.1 |
| Villagers / military | 21 / 0 |
Focus
⚔️ 68.3% · 🌾 31.7%
Match map
Initial resources + every placement click. Lines = walls · curves = elevation contours. ◆ gold · ⬟ stone · ● berries · ✦ relic · ◌ wall gap
Your base
TmZ_ĐЯEW ♚☯'s base
RDA | Damiii el TORO's base
TmZ_Peçanha's base
RDA Infernus's base
TmZ_Snatch's base
TmZ_Aragorn's base
RDA Ghosti's base
Smoothed initial terrain · ◌ = detected wall gap · hover for details
Inputs per minute
— DS_Gitano Urbano - - TmZ_ĐЯEW ♚☯
Build order — DS_Gitano Urbano
29 actions detected in the replay
| 0:01 | Create | Villager (Male) ×4 |
| 0:03 | Build | House |
| 0:05 | Build | House |
| 1:30 | Create | Villager (Male) |
| 1:30 | Create | Villager (Male) |
| 2:05 | Create | Villager (Male) |
| 2:05 | Create | Villager (Male) |
| 2:13 | Build | Lumber Camp |
| 2:18 | Create | Villager (Male) |
| 2:46 | Create | Villager (Male) |
| 2:46 | Create | Villager (Male) |
| 2:58 | Create | Villager (Male) |
| 2:58 | Create | Villager (Male) |
| 3:08 | Build | House |
| 3:10 | Build | House |
| 3:27 | Create | Villager (Male) |
| 3:43 | Create | Villager (Male) |
| 4:05 | Create | Villager (Male) |
| 4:23 | Create | Villager (Male) |
| 5:10 | Create | Villager (Male) |
| 5:27 | Build | Mill |
| 5:37 | Create | Villager (Male) |
| 6:12 | Create | Villager (Male) |
| 6:39 | Create | Villager (Male) |
| 6:54 | Research | Feudal Age |
| 7:47 | Build | Barracks |
| 7:59 | Create | Villager (Male) |
| 8:01 | Create | Villager (Male) |
| 8:07 | Build | House |
Build order — TmZ_ĐЯEW ♚☯
35 actions detected in the replay
| 0:00 | Create | Villager (Male) ×4 |
| 0:02 | Build | House |
| 0:05 | Build | House |
| 1:24 | Create | Villager (Male) |
| 1:24 | Create | Villager (Male) |
| 1:56 | Create | Villager (Male) |
| 1:57 | Create | Villager (Male) |
| 2:07 | Create | Villager (Male) |
| 2:07 | Create | Villager (Male) |
| 2:12 | Build | Lumber Camp |
| 2:38 | Create | Villager (Male) |
| 2:38 | Create | Villager (Male) |
| 3:14 | Create | Villager (Male) |
| 3:15 | Create | Villager (Male) |
| 3:20 | Create | Villager (Male) |
| 3:20 | Create | Villager (Male) |
| 3:30 | Create | Villager (Male) |
| 3:30 | Create | Villager (Male) |
| 3:54 | Build | Mill |
| 4:06 | Create | Villager (Male) |
| 4:06 | Create | Villager (Male) |
| 4:55 | Create | Villager (Male) |
| 4:55 | Create | Villager (Male) |
| 4:55 | Create | Villager (Male) |
| 5:21 | Build | House |
| 5:23 | Create | Villager (Male) |
| 5:53 | Create | Villager (Male) |
| 6:17 | Create | Villager (Male) |
| 7:01 | Research | Loom |
| 7:30 | Create | Villager (Male) |
| 7:45 | Research | Feudal Age |
| 7:45 | Research | Feudal Age |
| 8:55 | Build | Barracks |
| 8:58 | Build | House |
| 9:02 | Build | Palisade Wall |
Build order — RDA | Damiii el TORO
28 actions detected in the replay
| 0:00 | Create | Villager (Male) |
| 0:01 | Create | Villager (Male) |
| 0:01 | Create | Villager (Male) |
| 0:03 | Build | House |
| 0:04 | Build | House |
| 0:24 | Create | Villager (Male) |
| 1:30 | Create | Villager (Male) |
| 2:03 | Create | Villager (Male) |
| 2:15 | Create | Villager (Male) |
| 2:34 | Create | Villager (Male) |
| 2:52 | Build | Lumber Camp |
| 3:13 | Create | Villager (Male) |
| 3:13 | Create | Villager (Male) |
| 3:41 | Build | House |
| 4:19 | Build | House |
| 4:29 | Create | Villager (Male) |
| 4:29 | Create | Villager (Male) |
| 4:50 | Build | Palisade Wall |
| 5:13 | Create | Villager (Male) |
| 5:13 | Create | Villager (Male) |
| 6:03 | Create | Villager (Male) |
| 6:03 | Create | Villager (Male) |
| 6:08 | Research | Loom |
| 7:13 | Build | Mill |
| 7:18 | Research | Feudal Age |
| 7:48 | Build | Mining Camp |
| 8:59 | Create | Villager (Male) |
| 8:59 | Create | Villager (Male) |
Build order — TmZ_Peçanha
45 actions detected in the replay
| 0:00 | Create | Villager (Male) |
| 0:01 | Create | Villager (Male) |
| 0:01 | Create | Villager (Male) |
| 0:01 | Create | Villager (Male) |
| 0:02 | Build | House |
| 0:04 | Build | House |
| 1:28 | Create | Villager (Male) |
| 1:28 | Create | Villager (Male) |
| 1:56 | Build | Lumber Camp |
| 2:07 | Create | Villager (Male) |
| 2:08 | Create | Villager (Male) |
| 2:15 | Create | Villager (Male) |
| 2:15 | Create | Villager (Male) |
| 2:46 | Research | Loom |
| 2:47 | Create | Villager (Male) |
| 3:12 | Create | Villager (Male) |
| 3:13 | Create | Villager (Male) |
| 3:27 | Build | House |
| 3:37 | Build | House |
| 3:45 | Research | Loom |
| 3:45 | Research | Loom |
| 3:48 | Create | Villager (Male) |
| 3:49 | Create | Villager (Male) |
| 4:08 | Research | Loom |
| 4:08 | Research | Loom |
| 4:13 | Create | Villager (Male) |
| 4:13 | Create | Villager (Male) |
| 4:44 | Build | Mill |
| 4:58 | Create | Villager (Male) |
| 5:20 | Create | Villager (Male) |
| 5:35 | Create | Villager (Male) |
| 5:55 | Create | Villager (Male) |
| 6:20 | Create | Villager (Male) |
| 6:20 | Create | Villager (Male) |
| 6:42 | Create | Villager (Male) |
| 7:05 | Create | Villager (Male) |
| 7:33 | Research | Loom |
| 7:58 | Build | Mining Camp |
| 8:09 | Research | Feudal Age |
| 8:20 | Build | Palisade Wall |
| 8:22 | Build | House |
| 8:28 | Build | Palisade Wall |
| 8:35 | Build | Palisade Wall |
| 8:43 | Create | Villager (Male) |
| 8:46 | Build | Palisade Wall |
Build order — RDA Infernus
39 actions detected in the replay
| 0:00 | Create | Villager (Male) |
| 0:00 | Create | Villager (Male) |
| 0:01 | Create | Villager (Male) |
| 0:01 | Create | Villager (Male) |
| 0:02 | Build | House |
| 0:04 | Build | House |
| 1:28 | Create | Villager (Male) |
| 1:28 | Create | Villager (Male) |
| 1:46 | Build | Lumber Camp |
| 2:08 | Create | Villager (Male) |
| 2:22 | Create | Villager (Male) |
| 2:55 | Create | Villager (Male) |
| 2:58 | Create | Villager (Male) |
| 3:31 | Create | Villager (Male) |
| 3:49 | Build | House |
| 3:51 | Build | House |
| 4:21 | Create | Villager (Male) |
| 4:27 | Build | Mill |
| 4:59 | Create | Villager (Male) |
| 4:59 | Create | Villager (Male) |
| 4:59 | Create | Villager (Male) |
| 5:24 | Create | Villager (Male) |
| 5:24 | Create | Villager (Male) |
| 5:43 | Research | Loom |
| 6:21 | Research | Feudal Age |
| 7:08 | Create | Villager (Male) |
| 7:09 | Create | Villager (Male) |
| 7:30 | Build | Barracks |
| 8:02 | Build | Palisade Wall |
| 8:08 | Build | Palisade Wall |
| 8:13 | Create | Villager (Male) |
| 8:24 | Build | Palisade Wall |
| 8:30 | Build | Palisade Wall |
| 8:31 | Age | Feudal Age |
| 8:33 | Create | Villager (Male) |
| 8:33 | Create | Villager (Male) |
| 8:42 | Build | Stable |
| 9:00 | Create | Villager (Male) |
| 9:01 | Research | Double-Bit Axe |
Build order — TmZ_Snatch
35 actions detected in the replay
| 0:00 | Create | Villager (Male) |
| 0:01 | Create | Villager (Male) |
| 0:02 | Build | House |
| 0:03 | Build | House |
| 0:04 | Create | Villager (Male) |
| 0:04 | Create | Villager (Male) |
| 1:28 | Create | Villager (Male) |
| 1:46 | Build | Lumber Camp |
| 2:20 | Create | Villager (Male) |
| 2:20 | Create | Villager (Male) |
| 2:21 | Create | Villager (Male) |
| 2:55 | Create | Villager (Male) |
| 3:12 | Create | Villager (Male) |
| 3:16 | Build | House |
| 3:31 | Create | Villager (Male) |
| 3:50 | Create | Villager (Male) |
| 4:23 | Build | House |
| 4:27 | Create | Villager (Male) |
| 4:54 | Build | House |
| 5:00 | Create | Villager (Male) |
| 5:13 | Create | Villager (Male) |
| 5:14 | Create | Villager (Male) |
| 5:47 | Create | Villager (Male) |
| 5:58 | Create | Villager (Male) |
| 6:14 | Create | Villager (Male) |
| 6:21 | Create | Villager (Male) |
| 6:21 | Create | Villager (Male) |
| 6:27 | Build | Mill |
| 6:30 | Create | Villager (Male) |
| 7:06 | Research | Loom |
| 7:20 | Research | Feudal Age |
| 7:23 | Research | Loom |
| 7:23 | Create | Villager (Male) |
| 8:18 | Build | Barracks |
| 8:22 | Create | Villager (Male) |
Build order — TmZ_Aragorn
30 actions detected in the replay
| 0:01 | Create | Villager (Male) |
| 0:01 | Create | Villager (Male) |
| 0:01 | Create | Villager (Male) |
| 0:02 | Build | House |
| 0:04 | Build | House |
| 0:22 | Create | Villager (Male) |
| 1:20 | Create | Villager (Male) |
| 1:45 | Build | Lumber Camp |
| 1:55 | Create | Villager (Male) |
| 2:14 | Create | Villager (Male) |
| 2:47 | Create | Villager (Male) |
| 3:04 | Create | Villager (Male) |
| 3:30 | Create | Villager (Male) |
| 3:44 | Create | Villager (Male) |
| 4:04 | Build | House |
| 4:32 | Create | Villager (Male) |
| 4:57 | Create | Villager (Male) |
| 5:03 | Create | Villager (Male) |
| 5:30 | Build | Mining Camp |
| 5:45 | Create | Villager (Male) |
| 5:45 | Create | Villager (Male) |
| 6:02 | Create | Villager (Male) |
| 6:06 | Create | Villager (Male) |
| 6:20 | Research | Loom |
| 7:10 | Research | Feudal Age |
| 7:23 | Build | Barracks |
| 7:42 | Build | House |
| 8:50 | Build | Palisade Wall |
| 8:52 | Build | Palisade Wall |
| 9:05 | Create | Villager (Male) |
Build order — RDA Ghosti
31 actions detected in the replay
| 0:02 | Build | House |
| 0:04 | Build | House |
| 0:04 | Create | Villager (Male) |
| 0:04 | Create | Villager (Male) |
| 0:04 | Create | Villager (Male) |
| 0:05 | Create | Villager (Male) |
| 0:05 | Create | Villager (Male) |
| 1:14 | Create | Villager (Male) |
| 1:40 | Create | Villager (Male) |
| 2:11 | Build | Lumber Camp |
| 2:38 | Create | Villager (Male) |
| 2:38 | Create | Villager (Male) |
| 3:13 | Create | Villager (Male) |
| 3:29 | Build | House |
| 3:30 | Build | House |
| 3:42 | Create | Villager (Male) |
| 3:44 | Create | Villager (Male) |
| 3:44 | Create | Villager (Male) |
| 3:45 | Create | Villager (Male) |
| 4:10 | Create | Villager (Male) |
| 4:24 | Create | Villager (Male) |
| 4:49 | Create | Villager (Male) |
| 5:19 | Create | Villager (Male) |
| 5:21 | Research | Loom |
| 6:16 | Build | Mining Camp |
| 6:57 | Research | Feudal Age |
| 7:32 | Create | Villager (Male) |
| 7:32 | Create | Villager (Male) |
| 7:59 | Build | Barracks |
| 8:11 | Create | Villager (Male) |
| 8:43 | Build | House |
Match timeline
| 4:50 | RDA | Damiii el TORO · wall_segment Palisade Wall x1 |
| 7:23 | TmZ_Aragorn · first_building Barracks |
| 7:30 | RDA Infernus · first_building Barracks |
| 7:47 | DS_Gitano Urbano · first_building Barracks |
| 7:59 | RDA Ghosti · first_building Barracks |
| 8:02 | RDA Infernus · wall_segment Palisade Wall x9 |
| 8:08 | RDA Infernus · wall_segment Palisade Wall x4 |
| 8:18 | TmZ_Snatch · first_building Barracks |
| 8:20 | TmZ_Peçanha · wall_segment Palisade Wall x5 |
| 8:24 | RDA Infernus · wall_segment Palisade Wall x6 |
| 8:28 | TmZ_Peçanha · wall_segment Palisade Wall x9 |
| 8:30 | RDA Infernus · wall_segment Palisade Wall x2 |
| 8:31 | RDA Infernus · age_up feudal |
| 8:35 | TmZ_Peçanha · wall_segment Palisade Wall x8 |
| 8:42 | RDA Infernus · first_building Stable |
| 8:46 | TmZ_Peçanha · wall_segment Palisade Wall x4 |
| 8:50 | TmZ_Aragorn · wall_segment Palisade Wall x2 |
| 8:52 | TmZ_Aragorn · wall_segment Palisade Wall x9 |
| 8:55 | TmZ_ĐЯEW ♚☯ · first_building Barracks |
| 9:02 | TmZ_ĐЯEW ♚☯ · wall_segment Palisade Wall x3 |
| 9:06 | RDA | Damiii el TORO · resign |
[ AI ANALYSIS · 1 CREDIT ]
What really happened in this match?
Wolo.gg analyzes every decision: build order, eco, micro, common mistakes by bracket. Personalized analysis on WhatsApp or Discord in 30 seconds.
Civ guide
Khitans
Perfil
Jugador #352739